 Dungeon Crawl Stone Soup version 0.20.0-6-gd3061e9 (webtiles) character file.

64 grindst0ne the Skirmisher (level 4, 0/39 HPs)
             Began as a Formicid Fighter on May 28, 2017.
             Slain by an adder (3 damage)
             ... on level 1 of the Dungeon.
             The game lasted 00:02:46 (1061 turns).

grindst0ne the Skirmisher (Formicid Fighter)        Turns: 1061, Time: 00:02:46

Health: 0/39       AC:  6    Str: 23 (26) XL:     4   Next: 32%
Magic:  4/4        EV:  8    Int:  6 (7)  God:
Gold:   72         SH:  9    Dex:  9 (11) Spells: 3/3 levels left

rFire    . . .     SeeInvis +   a - +0 war axe
rCold    . . .     Gourm    .   c - +0 shield
rNeg     . . .     Faith    .   b - +0 scale mail
rPois    .         Spirit   .   (helmet unavailable)
rElec    .         Reflect  .   (no cloak)
rCorr    .         Harm     .   (no gloves)
MR       .....                  (no boots)
Stlth    ..........             (no amulet)
Regen    0.2/turn               (no ring)
MPRegen  0.1/turn               (no ring)

@: mighty
A: permanent stasis, dig shafts and tunnels, four strong arms, antennae 3
a: Dig, Shaft Self


You were on level 1 of the Dungeon.
You were not hungry.

You visited 1 branch of the dungeon, and saw 2 of its levels.

You collected 72 gold pieces.

Inventory:

Hand Weapons
 a - a +0 war axe (weapon)
Armour
 b - a +0 scale mail (worn)
 c - a +0 shield (worn)
Jewellery
 o - an uncursed amulet of guardian spirit {unknown}
Wands
 p - a wand of digging (15/24)
Scrolls
 e - 3 scrolls of identify {unknown}
 h - a scroll of fear {unknown}
 i - a scroll of teleportation {unknown}
 j - a scroll of enchant weapon {unknown}
 k - a scroll of fog {unknown}
 l - 2 scrolls of remove curse {unknown}
 s - a scroll of blinking {unknown}
Potions
 q - a potion of magic {unknown}
 r - a potion of curing {unknown}
Comestibles
 f - 2 bread rations
 n - a fruit


   Skills:
 - Level 5.0 Fighting
 - Level 2.0 Axes
 - Level 3.2 Armour
 + Level 4.1 Shields


You had 3 spell levels left.
You didn't know any spells.

Dungeon Overview and Level Annotations

Branches:
Dungeon (2/15)

Altars:
Fedhas
Hepliaklqana
Sif Muna
Xom


Innate Abilities, Weirdness & Mutations

You cannot be hasted, slowed, berserked, paralysed or teleported.
You can dig through walls and to a lower floor.
Your four strong arms can wield two-handed weapons with a shield.
You have a pair of large antennae on your head. (SInv)


Message History

(D) Dungeon
Where to? (Enter - D:2, ? - help)
An adder is nearby!
You block the adder's attack.
You climb upwards.
There is a stone staircase leading down here.
You feel very mighty all of a sudden.
You feel sick. You block the adder's attack.
Your shield prevents you from hitting the adder.
You block the adder's attack. The adder bites you but does no damage.
You closely miss the adder. The adder bites you.
* * * LOW HITPOINT WARNING * * *
The adder bites you but does no damage.
It was a potion of degeneration.
There was something very wrong with that liquid.
You feel weakened.
You feel dopey.
You feel clumsy.
You feel sick.
You are no longer poisoned.
You block the adder's attack. The adder bites you.
You die...

..###.#.....# #.###.# ###
#.......# #..##.# ###..####
##.##.# ##.####### #.##.#
#.......### #.##.#
#######...# #..#.# ###.#
##.#.## #S##### #....#
#@....###....# ############
#####........#
##..........######..........#
...................######...#
##..........######## #...#
############ #####


You could see an adder.

Vanquished Creatures
  An adder (D:2)
  A worm (D:2)
  2 dart slugs (D:2)
  A leopard gecko (D:1)
  6 bats
  4 giant cockroaches
  6 hobgoblins
  4 kobolds
  2 quokkas (D:2)
  3 frilled lizards (D:2)
  8 goblins
  4 rats
42 creatures vanquished.

Notes
Turn   | Place    | Note
-------+----------+-------------------------------------------
     0 | D:1      | grindst0ne the Formicid Fighter began the quest for the Orb.
     0 | D:1      | Reached XP level 1. HP: 18/18 MP: 1/1
    38 | D:1      | Reached XP level 2. HP: 24/25 MP: 2/2
    57 | D:1      | Reached skill level 4 in Fighting
   335 | D:1      | Reached XP level 3. HP: 30/31 MP: 3/3
   681 | D:2      | Found a blossoming altar of Fedhas.
   778 | D:2      | Found a shimmering altar of Xom.
   786 | D:2      | Reached skill level 5 in Fighting
   825 | D:2      | Reached XP level 4. HP: 39/39 MP: 4/4
   970 | D:2      | Found a hazy altar of Hepliaklqana.
  1003 | D:2      | Found a deep blue altar of Sif Muna.
  1061 | D:1      | Slain by an adder

Skill      XL: |  1  2  3  4 |
---------------+-------------+-----
Fighting       | 4 5 |  5.0
Shields        | 4 |  4.1
Axes           | |  2.0
Armour         | |  3.2

Action                   |  1- 3 |  4- 6 || total
-------------------------+-------+-------++-------
Melee: War axe           |   104 |    22 ||   126
 Abil: Dig               |       |     3 ||     3
  Use: Potion            |       |     2 ||     2
  Eat: Chunk             |       |     1 ||     1
Armor: Scale mail        |    55 |    12 ||    67
Dodge: Dodged            |    27 |     8 ||    35
Block: Shield            |    62 |    14 ||    76
